 Dungeon Sprint DCSS version 0.21.0-3-g78d12a8 (webtiles) character file.

471428 nuthulu the Intangible (level 18, 215/215 HPs)
             Began as a Minotaur Fighter on Jan 11, 2018.
             Was the Champion of Makhleb.
             Escaped with the Orb!
             The game lasted 00:21:25 (1297 turns).

nuthulu the Intangible (Minotaur Fighter)           Turns: 1297, Time: 00:21:26

Health: 215/215    AC: 45    Str: 35    XL:     18   Next: 76%
Magic:  34/34      EV: 24    Int:  5    God:    Makhleb [******]
Gold:   0          SH: 38    Dex: 18    Spells: 17/17 levels left

rFire    + + .     SeeInvis +   H - +14 obsidian axe {chop, +Fly SInv *Curse} (curse)
rCold    x x .     Gourm    .   G - +18 shield of the Gong {rElec rN+ MR+ EV-5}
rNeg     + . .     Faith    .   F - +15 Maxwell's patent armour {-Cast -Tele rElec MR+ rCorr}
rPois    +         Spirit   .   (helmet restricted)
rElec    +         Reflect  .   (no cloak)
rCorr    +         Harm     .   L - +2 pair of gloves {Str+3}
MR       +++..     NoTele   +   K - +2 pair of boots {run} Stlth +.........NoCast +
                                s - amulet of Vitality {Regen+ HP+15}
HPRegen  0.85/turn              a - ring of Balenakk {Fire rPois Dex+3 Slay+5}
MPRegen  0.24/turn              I - ring of Tender Moments {Fire Str+8}

@: quick
A: retaliatory headbutt, horns 2, MP-powered wands
0: Orb of Zot
a: Minor Destruction, Lesser Servant of Makhleb, Major Destruction, Greater
Servant of Makhleb, Renounce Religion, Evoke Flight


You escaped.
You worshipped Makhleb.
Makhleb was exalted by your worship.
You were not hungry.

You visited 1 branch

Inventory:

Hand Weapons
 H - the cursed +14 obsidian axe (weapon) {chop, +Fly SInv *Curse}
   (You found it in the Dungeon)

   It inflicts extra damage upon your enemies.
   It lets you see invisible.
   It lets you fly.
   It curses itself when equipped.
   It has a curse placed upon it.
Armour
 F - the +15 Maxwell's patent armour (worn) {-Cast -Tele rElec MR+ rCorr}
   (You found it in the Dungeon)

   It insulates you from electricity.
   It affects your resistance to hostile enchantments.
   It prevents spellcasting.
   It prevents most forms of teleportation.
   It protects you from acid and corrosion.
 G - the +18 shield of the Gong (worn) {rElec rN+ MR+ EV-5}
   (You found it in the Dungeon)

   It affects your evasion (-5).
   It insulates you from electricity.
   It protects you from negative energy.
   It affects your resistance to hostile enchantments.
 J - a +1 pair of gloves of strength
 K - a +2 pair of boots of running (worn)
 L - a +2 pair of gloves of strength (worn)
 M - a +2 pair of gloves of archery
Jewellery
 a - the ring of Balenakk (left hand) {Fire rPois Dex+3 Slay+5}
   (You found it in the Dungeon)

   [ring of fire]

   It enhances your fire magic.
   It affects your dexterity (+3).
   It affects your accuracy and damage with ranged weapons and melee attacks
   (+5).
   It protects you from fire.
   It makes you vulnerable to cold.
   It protects you from poison.
 b - the ring "Poqourea" {+Fly Int+4 Stlth+}
   (You took it off a vault guard in the Dungeon)

   [ring of flight]

   It affects your intelligence (+4).
   It lets you fly.
   It makes you more stealthy.
 o - a +2 ring of dexterity
 s - the amulet of Vitality (around neck) {Regen+ HP+15}
   (You found it in the Dungeon)

   [amulet of regeneration]

   It affects your health (+15).
   It increases your rate of regeneration.
 z - a +6 ring of dexterity
 A - a +6 ring of dexterity
 B - a +6 ring of intelligence
 C - a +6 ring of intelligence
 D - a +6 ring of strength
 E - a +6 ring of strength
 I - the ring of Tender Moments (right hand) {Fire Str+8}
   (You found it in the Dungeon)

   [ring of fire]

   It enhances your fire magic.
   It affects your strength (+8).
   It protects you from fire.
   It makes you vulnerable to cold.
 N - an uncursed amulet of regeneration
 P - a +1 ring of evasion
Wands
 w - a wand of disintegration (7)
 x - a wand of iceblast (7)
 y - a wand of acid (7)
Scrolls
 c - a scroll of brand weapon
 k - 4 scrolls of blinking
 q - 4 scrolls of amnesia
 r - 7 scrolls of fog
 t - 5 scrolls of identify
 u - 5 scrolls of remove curse
 v - 2 scrolls of fear
 O - 4 scrolls of enchant armour
Potions
 d - 4 potions of might
 e - 10 potions of curing
 g - 14 potions of heal wounds
 h - 17 potions of haste
 i - 7 potions of magic
 j - 2 potions of berserk rage
 l - 2 potions of brilliance
 m - 2 potions of invisibility
 n - 2 potions of resistance
 p - 6 potions of agility
Comestibles
 f - 9 rations


   Skills:
 O Level 27 Fighting
 O Level 27 Axes
 O Level 27 Armour
 O Level 27 Dodging
 + Level 12.7 Stealth
 O Level 27 Shields
 O Level 27 Invocations
 + Level 12.7 Evocations


You had 17 spell levels left.
You didn't know any spells.

Dungeon Overview and Level Annotations

Branches:
Dungeon (1/1)

Altars:
Ashenzari
Cheibriados
Dithmenos
Elyvilon
Fedhas
Gozag
Hepliaklqana
Kikubaaqudgha
Makhleb
Nemelex Xobeh
Okawaru
Qazlal
Ru
Sif Muna
Trog
Uskayaw
Vehumet
Wu Jian
Xom
Yredelemnul
Zin
The Shining One
Beogh
Jiyva
Lugonu


Innate Abilities, Weirdness & Mutations

You reflexively headbutt those who attack you in melee.
You have a pair of horns on your head.
You expend magic power (3 MP) to strengthen your wands.


Message History

You recover from your berserk rage.
You feel a little less mighty now.
You see here a book of Death.
You see here a book of Debilitation.
You see here a cursed ring of loudness.
You see here a +0 dagger of flaming.
h - 17 potions of haste (gained 4)
You see here the +7 arbalest "Fuju" {freeze, rElec rC+ Str+3 Int-4}.
There is a transporter here.
An exit appears before you!
You enter the transporter and appear at another place.
Found the Orb of Zot.
Found a staircase leading out of the dungeon.
You see here the Orb of Zot.
You pick up the Orb of Zot!
The Orb lets out a hideous shriek!
The lords of Pandemonium are not amused.
Beware!
Now all you have to do is get back out of the dungeon!
There is a staircase leading out of the dungeon here.
You can't go down here!
You have escaped!

............▓.....†.......▓...8©8
............▓.............▓..[|)|
............▓.............▓..)})|
............▓.............▓......
............▓......©......▓....3.
............▓▓▓▓▓▓▓▓▓▓▓▓▓▓▓..()(.
▓.......▓...▓8888888888888▓..)().
.▓.....▓.▓..▓8...4.......8▓..▓().
▓.......▓...▓8..@33...©..8▓....(.
............▓8..§........8▓....©.
....©.......▓8888888888888▓▓▓▓▓▓▓
▓▓▓▓▓▓▓▓▓▓▓▓▓▓▓▓▓▓▓▓▓▓▓▓▓▓▓▓▓▓▓▓▓
.....8©8........▓........8©8.....
:[:=?}}:.[|:))[.▓...:..|:|}.)|:==
|[:[)[)::||}):).▓.::):=:.}=[:)}:}
:[[.).:)).)):}%.▓.|))[|):)=|)[.[)
....5...........▓.......:[)[:....


You could see a friendly sun demon, a friendly orange demon and a friendly
ynoxinul.

Vanquished Creatures
  An orb of fire (D)
  An ancient lich (D)
  4 bone dragons (D)
  A doom hound (D)
  An iron giant (D)
  4 Tzitzimimeh (D)
  2 liches (D)
  3 acid blobs (D)
  3 quicksilver dragons (D)
  3 tentacled starspawn (D)
  8 shadow dragons (D)
  2 draconian monks (D)
  3 azure jellies (D)
  9 fire giants (D)
  A frost giant (D)
  A draconian knight (D)
  An iron dragon (D)
  9 balrugs (D)
  An emperor scorpion (D)
  An orc warlord (D)
  4 ghouls (D)
  4 reapers (D)
  2 draconian stormcallers (D)
  An entropy weaver (D)
  2 draconian annihilators (D)
  5 green draconians (D)
  A vampire knight (D)
  7 stone giants (D)
  An apis (D)
  2 black draconians (D)
  5 white draconians (D)
  8 red draconians (D)
  8 yellow draconians (D)
  4 purple draconians (D)
  A merfolk javelineer (D)
  3 death oozes (D)
  A merfolk impaler (D)
  15 fire dragons (D)
  2 great orbs of eyes (D)
  8 vault guards (D)
  An ice dragon (D)
  2 hydras (D)
  2 anacondas (D)
  2 spriggan air magi (D)
  9 hell hogs (D)
  5 two-headed ogres (D)
  A merfolk aquamancer (D)
  2 thrashing horrors (D)
  2 spriggan berserkers (D)
  4 skeletal warriors (D)
  15 soul eaters (D)
  2 unseen horrors (D)
  3 death drakes (D)
  3 large abominations (D)
  A glowing orange brain (D)
  2 spriggan druids (D)
  2 swamp dragons (D)
  A shadow demon (D)
  2 phantasmal warriors (D)
  2 orb spiders (D)
  2 orc knights (D)
  4 wolf spiders (D)
  2 necromancers (D)
  2 worldbinders (D)
  A shining eye (D)
  A merfolk siren (D)
  2 cyclopes (D)
  A naga mage (D)
  5 rust devils (D)
  A water nymph (D)
  An apocalypse crab (D)
  2 black mambas (D)
  2 smoke demons (D)
  An eye of devastation (D)
  2 hellions (D)
  3 yaktaurs (D)
  7 efreet (D)
  A rime drake (D)
  A kobold demonologist (D)
  A freezing wraith (D)
  2 ancient zymes (D)
  10 tormentors (D)
  A red devil (D)
  2 trolls (D)
  2 jumping spiders (D)
  5 hornets (D)
  2 wind drakes (D)
  A snapping turtle (D)
  3 raiju (D)
  7 slime creatures (D)
  A flying skull (D)
  2 redbacks (D)
  3 shadows (D)
  4 tarantellas (D)
  A vampire (D)
  4 wraiths (D)
  3 golden eyes (D)
  A steam dragon (D)
  8 fire elementals (D)
  2 neqoxecs (D)
  A chaos spawn (D)
  A naga (D)
  2 insubstantial wisps (D)
  An acid dragon (D)
  5 water moccasins (D)
  7 hell hounds (D)
  4 orc warriors (D)
  A phantom (D)
  3 black bears (D)
  5 ogres (D)
  10 necrophages (D)
  2 wolves (D)
  6 small abominations (D)
  5 scorpions (D)
  2 wights (D)
  A crimson imp (D)
  4 quasits (D)
  A jelly (D)
  6 iron imps (D)
  2 adders (D)
  3 shadow imps (D)
  2 white imps (D)
  3 ufetubi (D)
  5 adder skeletons (D)
  9 adder zombies (D)
  7 bat skeletons (D)
  8 bat zombies (D)
  A ball python (D)
  2 ball python skeletons (D)
  2 ball python zombies (D)
  3 giant cockroach zombies (D)
  A jackal skeleton (D)
  2 jackal zombies (D)
  2 leopard gecko skeletons (D)
  2 leopard gecko zombies (D)
  3 quokka skeletons (D)
  2 quokka zombies (D)
  8 fire vortices (D)
  A starspawn tentacle (D)
447 creatures vanquished.

Vanquished Creatures (collateral kills)
  A pandemonium lord (D)
  A shadow dragon (D)
  An azure jelly (D)
  A draconian scorcher (D)
  A spriggan defender (D)
  2 reapers (D)
  A ghoul (D)
  2 black draconians (D)
  A green draconian (D)
  A yellow draconian (D)
  A white draconian (D)
  3 fire dragons (D)
  2 merfolk impalers (D)
  A hydra (D)
  2 vault guards (D)
  A great orb of eyes (D)
  A two-headed ogre (D)
  A vampire mage (D)
  A hell hog (D)
  A thrashing horror (D)
  2 soul eaters (D)
  A spriggan berserker (D)
  A skeletal warrior (D)
  A sea snake (D)
  A death drake (D)
  An orc sorcerer (D)
  An orc knight (D)
  A phantasmal warrior (D)
  3 cyclopes (D)
  A naga mage (D)
  A black mamba (D)
  An eye of devastation (D)
  A demonic crawler (D)
  3 efreet (D)
  A troll (D)
  A raiju (D)
  A hornet (D)
  A slime creature (D)
  2 flying skulls (D)
  A tarantella (D)
  2 wyverns (D)
  A chaos spawn (D)
  A naga (D)
  A swamp drake (D)
  2 orc warriors (D)
  A wight (D)
  2 orc wizards (D)
  2 adder skeletons (D)
  A bat skeleton (D)
  2 ball pythons (D)
  2 ball python skeletons (D)
  3 giant cockroach zombies (D)
  2 leopard gecko skeletons (D)
  2 fire vortices (D)
76 creatures vanquished.

Vanquished Creatures (others)
  A rust devil (D)
  2 large abominations (D)
  A yaktaur (D)
  4 small abominations (D)
  6 fire vortices (D)
  10 starspawn tentacles (D)
24 creatures vanquished.

Grand Total: 547 creatures vanquished

Notes
Turn   | Place    | Note
-------+----------+-------------------------------------------
     0 | D        | Found the +6 Majin-Bo {vamp, Archmagi MP+6 Int+6}
     0 | D        | Found the +7 great mace "Firestarter" {inner flame, rF++}
     0 | D        | nuthulu the Minotaur Fighter began the quest for the Orb.
     0 | D        | Reached XP level 1. HP: 19/19 MP: 0/0
     0 | D        | Found a deep blue altar of Sif Muna.
     0 | D        | Found a bloodstained altar of Trog.
     0 | D        | Found a sacrificial altar of Ru.
     0 | D        | Found a stormy altar of Qazlal.
     0 | D        | Found an iron altar of Okawaru.
     1 | D        | Found a sparkling altar of Nemelex Xobeh.
     1 | D        | Found a blossoming altar of Fedhas.
     3 | D        | Found a transporter.
     3 | D        | Found an ancient bone altar of Kikubaaqudgha.
     3 | D        | Found a viscous altar of Jiyva.
     3 | D        | Found a corrupted altar of Lugonu.
     3 | D        | Found a hazy altar of Hepliaklqana.
     3 | D        | Found a burning altar of Makhleb.
     3 | D        | Found an opulent altar of Gozag.
    19 | D        | Found the +9 heavy crossbow "Sniper" {velocity, Acc+∞ SInv}
    19 | D        | Found the +15 Maxwell's patent armour {-Cast -Tele rElec MR+ rCorr}
    19 | D        | Found the +18 shield of the Gong {rElec rN+ MR+ EV-5}
    19 | D        | Found the cursed +14 obsidian axe {chop, +Fly SInv *Curse}
    42 | D        | Reached XP level 2. HP: 26/26 MP: 1/1
    56 | D        | Found the +6 shillelagh "Devastator" {shatter}
    56 | D        | Found the +11 plutonium sword {*Contam Stlth-}
    56 | D        | Found the +8 lance "Wyrmbane" {slay drac, rPois rF+ rC+ AC+3}
    56 | D        | Found the +9 sword of Zonguldrok {reap}
    56 | D        | Found the cursed +13 scythe of Curses {drain, *Curse}
    56 | D        | Found the +0 sword of Power
    56 | D        | Found the +0 mace of Variability {chaos}
    56 | D        | Found the +7 Singing Sword
    56 | D        | Found the +7 longbow "Piercer" {penet, EV-2}
    64 | D        | Became a worshipper of Makhleb the Destroyer
    71 | D        | Entered arena 2.
    71 | D        | Noticed an insubstantial wisp
    71 | D        | Noticed an insubstantial wisp
    71 | D        | Found a transporter.
    73 | D        | Killed an insubstantial wisp
    73 | D        | Reached skill level 10 in Shields
    73 | D        | Reached XP level 3. HP: 29/31 MP: 2/2
    73 | D        | Reached XP level 4. HP: 37/39 MP: 3/3
    74 | D        | Killed an insubstantial wisp
    74 | D        | Reached XP level 5. HP: 36/45 MP: 4/4
    79 | D        | Entered arena 3.
    79 | D        | Noticed a jumping spider
    79 | D        | Found a transporter.
    84 | D        | Reached * piety under Makhleb
    84 | D        | Reached XP level 6. HP: 41/51 MP: 5/5
    84 | D        | Killed a jumping spider
    84 | D        | Reached XP level 7. HP: 45/57 MP: 6/6
   144 | D        | Entered arena 4.
   144 | D        | Noticed a tarantella
   144 | D        | Found a transporter.
   146 | D        | Reached ** piety under Makhleb
   147 | D        | Killed a tarantella
   147 | D        | Reached skill level 15 in Shields
   153 | D        | Entered arena 5.
   153 | D        | Found a transporter.
   156 | D        | Reached *** piety under Makhleb
   157 | D        | Reached XP level 8. HP: 64/64 MP: 7/7
   169 | D        | Entered arena 6.
   169 | D        | Found a transporter.
   171 | D        | Reached **** piety under Makhleb
   173 | D        | Reached skill level 15 in Axes
   176 | D        | Reached skill level 1 in Dodging
   183 | D        | Entered arena 7.
   184 | D        | Found a transporter.
   186 | D        | Reached ***** piety under Makhleb
   201 | D        | Entered arena 8.
   202 | D        | Found a transporter.
   208 | D        | Reached ****** piety under Makhleb
   210 | D        | Reached XP level 9. HP: 70/70 MP: 8/8
   220 | D        | Entered arena 9.
   220 | D        | Noticed a thrashing horror
   221 | D        | Found a transporter.
   223 | D        | Killed a thrashing horror
   235 | D        | Entered arena 10.
   235 | D        | Noticed a black mamba
   235 | D        | Noticed a black mamba
   236 | D        | Found the +7 sceptre of Torment
   236 | D        | Found a transporter.
   238 | D        | Killed a black mamba
   238 | D        | Reached skill level 5 in Fighting
   238 | D        | Reached skill level 5 in Armour
   242 | D        | Killed a black mamba
   270 | D        | Entered arena 11.
   270 | D        | Noticed a black mamba
   270 | D        | Noticed a naga mage
   270 | D        | Noticed a naga mage
   271 | D        | Found a transporter.
   274 | D        | Reached XP level 10. HP: 90/90 MP: 9/9
   275 | D        | Killed a black mamba
   278 | D        | Killed a naga mage
   278 | D        | Reached skill level 10 in Fighting
   278 | D        | Reached skill level 10 in Armour
   282 | D        | Killed a naga mage
   357 | D        | Got the ring of Tender Moments {Fire Str+8}
   362 | D        | Entered arena 12.
   362 | D        | Noticed a merfolk impaler
   362 | D        | Noticed a merfolk siren
   362 | D        | Noticed a merfolk impaler
   362 | D        | Noticed a merfolk aquamancer
   362 | D        | Noticed a sea snake
   363 | D        | Noticed a water nymph
   363 | D        | Noticed a merfolk javelineer
   363 | D        | Noticed a merfolk impaler
   366 | D        | Killed a merfolk aquamancer
   366 | D        | Killed a sea snake
   367 | D        | Killed a merfolk impaler
   368 | D        | Killed a water nymph
   372 | D        | Killed a merfolk javelineer
   372 | D        | Killed a merfolk impaler
   372 | D        | Reached XP level 11. HP: 97/108 MP: 10/10
   382 | D        | Killed a merfolk impaler
   389 | D        | Entered arena 13.
   389 | D        | Noticed a stone giant
   389 | D        | Noticed a two-headed ogre
   389 | D        | Noticed a stone giant
   389 | D        | Noticed a stone giant
   390 | D        | Found the +8 autumn katana {slice, Clar}
   390 | D        | Noticed a two-headed ogre
   390 | D        | Noticed a fire giant
   391 | D        | Found the +10 morningstar "Eos" {elec, Halo rElec}
   391 | D        | Found a transporter.
   400 | D        | Killed a stone giant
   400 | D        | Reached skill level 15 in Fighting
   400 | D        | Reached skill level 15 in Armour
   401 | D        | Killed a two-headed ogre
   403 | D        | Killed a stone giant
   404 | D        | Killed a fire giant
   404 | D        | Killed a stone giant
   406 | D        | Killed a two-headed ogre
   406 | D        | Reached XP level 12. HP: 127/127 MP: 11/11
   413 | D        | Entered arena 14.
   414 | D        | Noticed a hell hog
   415 | D        | Noticed a hell hog
   415 | D        | Noticed a fire giant
   415 | D        | Noticed a fire dragon
   416 | D        | Found a transporter.
   418 | D        | Killed a hell hog
   420 | D        | Reached skill level 5 in Dodging
   422 | D        | Killed a hell hog
   430 | D        | Killed a fire giant
   430 | D        | Reached skill level 10 in Dodging
   430 | D        | Killed a fire dragon
   468 | D        | Got the +10 great sword "Killer Klown's Doom" {slice, *Corrode +Inv rC+ Int+6}
   472 | D        | Entered arena 15.
   473 | D        | Noticed a stone giant
   473 | D        | Noticed a frost giant
   474 | D        | Noticed a two-headed ogre
   474 | D        | Noticed a two-headed ogre
   474 | D        | Noticed a stone giant
   474 | D        | Noticed a two-headed ogre
   475 | D        | Found a transporter.
   481 | D        | Killed a stone giant
   482 | D        | Killed a two-headed ogre
   482 | D        | Killed a two-headed ogre
   483 | D        | Killed a frost giant
   485 | D        | Killed a two-headed ogre
   485 | D        | Reached skill level 15 in Dodging
   493 | D        | Killed a stone giant
   500 | D        | Got the ring of Balenakk {Fire rPois Dex+3 Slay+5}
   506 | D        | Entered arena 16.
   507 | D        | Noticed a spriggan air mage
   507 | D        | Noticed an anaconda
   508 | D        | Noticed an anaconda
   508 | D        | Noticed a spriggan air mage
   508 | D        | Noticed a spriggan defender
   508 | D        | Noticed an apis
   509 | D        | Found a transporter.
   511 | D        | Killed an anaconda
   511 | D        | Killed a spriggan air mage
   511 | D        | Reached XP level 13. HP: 134/134 MP: 12/12
   523 | D        | Killed an apis
   523 | D        | Killed a spriggan defender
   536 | D        | Entered arena 17.
   544 | D        | Noticed an orc warlord
   556 | D        | Found a transporter.
   560 | D        | Killed an orc warlord
   568 | D        | Entered arena 18.
   571 | D        | Noticed a shadow dragon
   571 | D        | Noticed a stone giant
   572 | D        | Noticed a stone giant
   572 | D        | Noticed a lich
   573 | D        | Found the -2 hat of the Alchemist {rElec rPois rF+ rC+ rN+ MR+ rMut rCorr}
   573 | D        | Found a transporter.
   581 | D        | Killed a lich
   587 | D        | Killed a shadow dragon
   587 | D        | Reached XP level 14. HP: 92/146 MP: 9/13
   588 | D        | Killed a stone giant
   588 | D        | Killed a stone giant
   598 | D        | Got the ring "Poqourea" {+Fly Int+4 Stlth+}
   618 | D        | Identified a +2 pair of boots of running (You found it in the Dungeon)
   622 | D        | Entered arena 19.
   625 | D        | Noticed an emperor scorpion
   625 | D        | Noticed an entropy weaver
   627 | D        | Found the +3 robe of Clouds {+Fly rElec}
   627 | D        | Found a transporter.
   637 | D        | Killed an entropy weaver
   644 | D        | Killed an emperor scorpion
   665 | D        | Entered arena 20.
   665 | D        | Noticed a vampire knight
   673 | D        | Killed a vampire knight
   674 | D        | Noticed an ancient lich
   675 | D        | Noticed a ghoul
   688 | D        | Killed a ghoul
   692 | D        | Killed an ancient lich
   695 | D        | Found the +10 dark maul {crush}
   699 | D        | Found a transporter.
   725 | D        | Entered arena 21.
   730 | D        | Noticed a shadow dragon
   730 | D        | Noticed a quicksilver dragon
   730 | D        | Noticed a quicksilver dragon
   730 | D        | Noticed a quicksilver dragon
   730 | D        | Noticed an iron dragon
   731 | D        | Noticed a shadow dragon
   732 | D        | Found a transporter.
   739 | D        | Killed a shadow dragon
   740 | D        | Killed a quicksilver dragon
   744 | D        | Killed a quicksilver dragon
   744 | D        | Reached XP level 15. HP: 158/158 MP: 14/14
   751 | D        | Killed a shadow dragon
   751 | D        | Killed a quicksilver dragon
   755 | D        | Killed an iron dragon
   778 | D        | Entered arena 22.
   783 | D        | Noticed an acid blob
   783 | D        | Noticed an azure jelly
   783 | D        | Noticed an acid blob
   783 | D        | Noticed an acid blob
   785 | D        | Noticed an azure jelly
   785 | D        | Noticed an azure jelly
   785 | D        | Noticed an azure jelly
   791 | D        | Killed an acid blob
   793 | D        | Killed an acid blob
   796 | D        | Killed an azure jelly
   797 | D        | Killed an acid blob
   799 | D        | Killed an azure jelly
   801 | D        | Killed an azure jelly
   807 | D        | Killed an azure jelly
   808 | D        | Found a transporter.
   846 | D        | Entered arena 23.
   853 | D        | Found the +4 skin of Zhor {rC+++}
   853 | D        | Noticed a bone dragon
   870 | D        | Killed a bone dragon
   870 | D        | Reached XP level 16. HP: 68/172 MP: 15/15
   874 | D        | Found a transporter.
   914 | D        | Entered arena 24.
   921 | D        | Found the +8 Wrath of Trog {antimagic, *Rage}
   921 | D        | Noticed an iron giant
   922 | D        | Found the macabre finger necklace {rN+}
   932 | D        | Found a transporter.
   935 | D        | Killed an iron giant
   951 | D        | Entered arena 25.
   961 | D        | Found a transporter.
   991 | D        | Reached XP level 17. HP: 188/188 MP: 16/16
   994 | D        | Reached skill level 27 in Dodging
  1011 | D        | Reached skill level 27 in Axes
  1023 | D        | Entered arena 26.
  1033 | D        | Noticed an orb of fire
  1040 | D        | Gained mutation: You expend magic power (3 MP) to strengthen your wands. [an orb of fire]
  1046 | D        | Reached skill level 27 in Shields
  1047 | D        | Reached skill level 27 in Fighting
  1047 | D        | Reached skill level 27 in Armour
  1048 | D        | Killed an orb of fire
  1048 | D        | Reached skill level 10 in Invocations
  1054 | D        | Reached skill level 15 in Invocations
  1074 | D        | Found a transporter.
  1098 | D        | Entered arena 27.
  1106 | D        | Noticed Guwnoen the pandemonium lord
  1107 | D        | Noticed a bone dragon
  1107 | D        | Noticed a lich
  1107 | D        | Noticed a bone dragon
  1108 | D        | Found the amulet of Vitality {Regen+ HP+15}
  1108 | D        | Found the +7 Kryia's mail coat {PotionHeal*2 rC+}
  1109 | D        | Found the +8 frozen axe "Frostbite" {freezing cloud, *Noise +Fly rC+}
  1111 | D        | Noticed an Ice Fiend
  1123 | D        | Killed Guwnoen the pandemonium lord
  1123 | D        | Reached XP level 18. HP: 65/200 MP: 25/32
  1130 | D        | Killed a bone dragon
  1145 | D        | Killed a bone dragon
  1147 | D        | Found the ring of Phasing {EV+8}
  1150 | D        | Found a transporter.
  1190 | D        | Entered arena 28.
  1196 | D        | Noticed a doom hound
  1208 | D        | Killed a doom hound
  1209 | D        | Noticed a Tzitzimitl
  1212 | D        | Noticed a bone dragon
  1212 | D        | Noticed a Tzitzimitl
  1213 | D        | Noticed a Tzitzimitl
  1215 | D        | Killed a Tzitzimitl
  1220 | D        | Reached skill level 27 in Invocations
  1220 | D        | Reached skill level 1 in Stealth
  1220 | D        | Reached skill level 1 in Evocations
  1221 | D        | Noticed a Tzitzimitl
  1226 | D        | Killed a Tzitzimitl
  1226 | D        | Reached skill level 5 in Stealth
  1226 | D        | Reached skill level 5 in Evocations
  1229 | D        | Killed a Tzitzimitl
  1234 | D        | Killed a Tzitzimitl
  1234 | D        | Reached skill level 10 in Stealth
  1234 | D        | Reached skill level 10 in Evocations
  1240 | D        | Killed a bone dragon
  1264 | D        | Found the ring of the Octopus King {rCorr AC+1 EV+1 Str+1 Int+1 Dex+1}
  1266 | D        | Found the +10 zealot's sword {holy, *Rage rN+ EV+3}
  1267 | D        | Found a transporter.
  1292 | D        | Got the Orb of Zot
  1297 | D        | Escaped with the Orb!

Skill      XL: |  1  2  3  4  5  6  7  8  9 10 11 12 13 14 15 16 17 18 |
---------------+-------------------------------------------------------+-----
Axes           | 6 8 9 11 13 17 18 19 22 24 26 27 | 27.0
Shields        | 7 10 12 14 15 16 20 23 26 27 | 27.0
Dodging        | 1 17 21 23 24 26 27 | 27.0
Fighting       | 8 13 18 19 21 23 26 27 | 27.0
Armour         | 8 13 18 19 21 23 26 27 | 27.0
Invocations    | 22 27 | 27.0
Stealth        | 12 | 12.7
Evocations     | 12 | 12.7

Action                   |  1- 3 |  4- 6 |  7- 9 | 10-12 | 13-15 | 16-18 || total
-------------------------+-------+-------+-------+-------+-------+-------++-------
Melee: Broad axe         |     1 |     5 |    44 |    68 |   161 |   191 ||   470
       Headbutt          |       |     1 |     8 |    24 |    55 |    60 ||   148
Invok: Greater Servant o |       |       |       |       |       |     1 ||     1
  Use: Potion            |     1 |       |       |       |       |     8 ||     9
       Scroll            |       |       |       |       |       |     1 ||     1
 Stab: Distracted        |       |       |       |     2 |     8 |     3 ||    13
       Confused          |       |       |       |       |     1 |       ||     1
  Eat: Ration            |       |       |       |       |       |     1 ||     1
Armor: Plate armour      |       |     4 |    14 |    24 |    91 |    74 ||   207
Dodge: Dodged            |       |       |     2 |    14 |   112 |   137 ||   265
Block: Shield            |       |     9 |    62 |   104 |   288 |   381 ||   844
